 Dungeon Crawl Stone Soup version 0.28-a0-1199-gef9e1dbd39 (webtiles) character file.

Game seed: 5622613379946438065

30 bearlyready the Slasher (level 3, 0/31 HPs)
             Began as a Minotaur Delver on Dec 20, 2021.
             Slain by a hornet zombie (12 damage)
             ... on level 6 of the Dungeon.
             The game lasted 00:01:16 (266 turns).

bearlyready the Slasher (Minotaur Delver)            Turns: 266, Time: 00:01:17

Health: 0/31       AC:  3    Str: 18    XL:     3   Next: 3%
Magic:  2/2        EV: 11    Int:  7    God:
Gold:   71         SH:  0    Dex: 11    Spells: 2/2 levels left

rFire   . . .      SeeInvis .   a - +0 falchion
rCold   . . .      Faith    .   (no shield)
rNeg    . . .      Spirit   .   b - +0 leather armour
rPois   .          Reflect  .   (helmet restricted)
rElec   .          Harm     .   (no cloak)
rCorr   .          Rampage  .   (no gloves)
Will    .....                   (no boots)
Stlth   ++........              (no amulet)
HPRegen 0.10/turn               (no ring)
MPRegen 0.08/turn               (no ring)

@: no status effects
A: horns 2, retaliatory headbutt
a: no special abilities


You were on level 6 of the Dungeon.
You visited 1 branch of the dungeon, and saw 2 of its levels.

You collected 71 gold pieces.

Inventory:

Hand Weapons
 a - a +0 falchion (weapon)
Missiles
 i - a curare-tipped dart (quivered)
Armour
 b - a +0 leather armour (worn)
Wands
 g - a wand of digging (3)
Scrolls
 c - a scroll of fog
 d - a scroll of magic mapping
 e - a scroll of fear
 h - a scroll of teleportation {unknown}
 j - 2 scrolls of enchant armour {unknown}
Potions
 f - a potion of haste


   Skills:
 - Level 3.6 Fighting
 + Level 4.3 Long Blades
 - Level 2.1 Dodging
 - Level 4.1 Stealth


You had 2 spell levels left.
You didn't know any spells.
Your spell library was empty.

Dungeon Overview and Level Annotations

Branches:
Dungeon (6/15)
 Temple: D:4-7

Altars:

Annotations:
D:5 3 runed translucent doors


Innate Abilities, Weirdness & Mutations

You have a pair of horns on your head.
You reflexively headbutt those who attack you in melee.


Message History

a +0 flail; a gnoll corpse You slash the gnoll!
You kill the gnoll!
You have reached level 3!
Your experience leads to an increase in your attributes!
Increase (S)trength, (I)ntelligence, or (D)exterity?
You feel stronger. x2
You now have 71 gold pieces (gained 14).
Items here: )) ††.
A necrophage is nearby!
A necrophage is nearby!
Things that are here:
a +0 flail; a gnoll corpse
There is a stone staircase leading down here.
A necrophage is nearby!
A necrophage is nearby!
There is a stone staircase leading down here.
You climb downwards.
Found 28 sling bullets.
There is a stone staircase leading up here.
You hit the hornet zombie.
The hornet zombie is lightly damaged.
The hornet zombie barely misses you.
The hornet zombie hits you but does no damage.
You hit the hornet zombie. Your headbutt misses the hornet zombie.
The hornet zombie is lightly damaged.
The hornet zombie hits you!
You barely miss the hornet zombie.
The hornet zombie is lightly damaged.
The hornet zombie hits you. The hornet zombie misses you.
You hit the hornet zombie.
The hornet zombie is lightly damaged.
The hornet zombie hits you but does no damage.
You hit the hornet zombie.
The hornet zombie is moderately damaged.
The hornet zombie closely misses you.
You hit the hornet zombie. You headbutt the hornet zombie.
The hornet zombie is moderately damaged.
The hornet zombie barely misses you. The hornet zombie hits you!
You die...

##....(.....
..........#
.........
....... ..... #
####...#.##..
.##............
#......@Z......
#.#.###########


You could see a hornet zombie.

Vanquished Creatures
  3 gnolls (D:5)
3 creatures vanquished.

Notes
Turn   | Place    | Note
-------+----------+-------------------------------------------
     0 | D:5      | bearlyready the Minotaur Delver began the quest for the
                  | Orb.
     0 | D:5      | Reached XP level 1. HP: 19/19 MP: 0/0
    10 | D:5      | Noticed a necrophage
    91 | D:5      | Noticed a water moccasin simulacrum
   164 | D:5      | Found a runed translucent gate.
   165 | D:5      | Found a runed translucent gate.
   167 | D:5      | Found a runed translucent gate.
   186 | D:5      | Noticed an ice beast
   189 | D:5      | Reached XP level 2. HP: 26/26 MP: 1/1
   200 | D:5      | Reached XP level 3. HP: 18/31 MP: 2/2
   266 | D:6      | Slain by a hornet zombie

Illustrated notes

Levels and vault maps discovered:
D:5:      layout_layer_cave, gammafunk_ghost_icy
D:6:      layout_loops_ring, minmay_overflow_temple_hex,
          minmay_temple_entry_from_below_a, minmay_splitting_lines

Skill      XL: |  1  2 |
---------------+-------+-----
Long Blades    | 3 4 |  4.3
Fighting       | |  3.6
Dodging        | |  2.1
Stealth        | |  4.1

Action                   || total
-------------------------++-------
Melee: Falchion          ||     8
       Headbutt          ||     1
Throw: Dart              ||     6
Armor: Leather armour    ||     2
Dodge: Dodged            ||     4

Table legend: (Time is in decaauts)
 A = Elapsed time spent in this place.
 B = Non-inter-level travel time spent in this place.
 C = Inter-level travel time spent in this place.
 D = Time resting spent in this place.
 E = Time spent auto-exploring this place.
 F = Levels seen in this place.
 G = Mean time per level.
                   A        B        C        D        E       F      G
               +--------+--------+--------+--------+--------+-----+--------+
         Total |    266 |    266 |      0 |      0 |    137 |   2 |  133.0 |
       Dungeon |    266 |    266 |      0 |      0 |    137 |   2 |  133.0 |
               +--------+--------+--------+--------+--------+-----+--------+

Top non-repeatable levels by time:
     D:5: 258 daAuts
     D:6: 8 daAuts
